 Dungeon Crawl Stone Soup version 0.28.0 (webtiles) character file.

Game seed: 16953605350334680875

15877 browni3141 the Cleaver (level 12, -6/165 HPs)
             Began as a Minotaur Berserker on Feb 10, 2022.
             Was an Elder of Trog.
             Succumbed to a green ugly thing's poison
             ... on level 11 of the Dungeon.
             The game lasted 00:09:08 (11542 turns).

browni3141 the Cleaver (Minotaur Berserker)        Turns: 11542, Time: 00:09:09

Health: -6/165     AC: 23    Str: 25    XL:     12   Next: 5%
Magic:  11/11      EV: 14    Int: 10    God:    Trog [****..]
Gold:   1063       SH: 10    Dex: 12    Spells: 11/11 levels left

rFire   + . .      SeeInvis .   x - +2 hand axe (vorpal)
rCold   . . .      Faith    .   u - +0 buckler
rNeg    . . .      Spirit   .   D - +4 plate armour {rF+}
rPois   .          Reflect  +   (helmet restricted)
rElec   .          Harm     .   p - +0 cloak
rCorr   .          Rampage  .   v - +0 pair of gloves
Will    .....                   o - +0 pair of boots
Stlth   ..........              n - amulet of reflection
HPRegen 0.37/turn               d - +6 ring of intelligence
MPRegen 0.12/turn               w - +4 ring of evasion

@: berserking, lethally poisoned (-6 -> -78), very quick
A: horns 2, retaliatory headbutt
a: Renounce Religion, Berserk, Trog's Hand, Brothers in Arms


You were on level 11 of the Dungeon.
You worshipped Trog.
Trog was greatly pleased with you.
You visited 2 branches of the dungeon, and saw 12 of its levels.

You collected 1113 gold pieces.
You spent 50 gold pieces at shops.

Inventory:

Hand Weapons
 a - a +0 hand axe
 x - a +2 vorpal hand axe (weapon)
Armour
 b - a +0 animal skin
 o - a +0 pair of boots (worn)
 p - a +0 cloak (worn)
 q - a +0 chain mail
 u - a +0 buckler (worn)
 v - a +0 pair of gloves (worn)
 A - a +0 plate armour
 D - a +4 plate armour of fire resistance (worn)
Jewellery
 d - a +6 ring of intelligence (left hand)
 n - an amulet of reflection (around neck)
 w - a +4 ring of evasion (right hand)
Wands
 r - a wand of mindburst (25)
 B - a wand of charming (6)
 C - a wand of acid (5)
Scrolls
 f - 2 scrolls of silence
 h - 3 scrolls of torment
 i - 3 scrolls of teleportation
 y - a scroll of immolation
Potions
 c - 2 potions of lignification
 e - 4 potions of degeneration
 g - 3 potions of brilliance
 j - a potion of flight
 k - a potion of mutation
 l - 4 potions of resistance
 m - 2 potions of heal wounds
 s - a potion of cancellation {unknown}
 t - 6 potions of curing
 z - a potion of attraction {unknown}


   Skills:
 + Level 11.3 Fighting
 + Level 11.4 Axes
 + Level 11.0 Armour
 + Level 10.1 Dodging
 - Level 6.0 Shields
 - Level 6.0 Evocations


You had 11 spell levels left.
You didn't know any spells.
Your spell library was empty.

Dungeon Overview and Level Annotations

Branches:
Dungeon (11/15)            Temple (0/1) D:5             Orc (1/2) D:10
   Lair: D:8-11

Altars:
Makhleb

Shops:
D:4 *   D:9 *

Portals:
Trove: D:10 (give +4 storm dragon scales)

Annotations:
D:6 2 transporters, GrayStillPlays's ghost, novice GnFi
D:11 2 runed translucent doors, exclusion: 2 doors


Innate Abilities, Weirdness & Mutations

You have a pair of horns on your head.
You reflexively headbutt those who attack you in melee.


Message History

* * * LOW HITPOINT WARNING * * *
You are too injured to fight recklessly!
You are too injured to fight recklessly!
You slice the moth of wrath!! You headbutt the moth of wrath!
You kill the moth of wrath!
Trog accepts your kill.
The moth of wrath's shape twists and changes as it dies.
You slash the green ugly thing! You slash the tengu warrior!
* * * LOW HITPOINT WARNING * * *
You feel extremely sick.
The green ugly thing tentacle-slaps you!
* * * LOW HITPOINT WARNING * * *
You block the tengu warrior's attack. The tengu warrior misses you.
The tengu warrior claws you but does no damage.
Unknown command.
You slash the green ugly thing!
The green ugly thing is severely wounded.
You closely miss the tengu warrior.
* * * LOW HITPOINT WARNING * * *
You feel extremely sick.
The green ugly thing tentacle-slaps you!
* * * LOW HITPOINT WARNING * * *
The tengu warrior hits you but does no damage.
You block the tengu warrior's attack. x2
Unknown command.
You slash the green ugly thing!
Your headbutt misses the green ugly thing.
The green ugly thing is severely wounded.
You hit the tengu warrior.
* * * LOW HITPOINT WARNING * * *
You feel very sick.
The green ugly thing tentacle-slaps you.
* * * LOW HITPOINT WARNING * * *
You are more poisoned.
The green ugly thing poisons you!
Unknown command.
You slash the green ugly thing!
The green ugly thing is almost dead.
You barely miss the tengu warrior.
You die...

######### .# #....#
.# #....# #.#
##....####.########
.###
..................
......
##....###.......#
#...:.. ######
#.......####.......
###......uQ....######
#........†@...##8)(8#
#.............#8....8
#...#####.....+W....$
#...# ##....+u.....
#...# #....#8....8
#...# #....##8!)8#
#...# ##...).# ####
##### #..###'#
#.##)#.###


You could see 2 ugly things, a tengu warrior (berserk) and a freezing wraith.

Vanquished Creatures
  Josephine (D:11)
  A centaur warrior (D:11)
  5 two-headed ogres
  Pikel (D:7)
  A manticore (D:11)
  A moth of wrath (shapeshifter) (D:11)
  2 freezing wraiths (D:10)
  3 kobold demonologists
  A hornet (D:9)
  A troll (Orc:1)
  A shadow (D:10)
  5 wraiths
  2 wyverns (D:10)
  18 yaks
  4 vampire mosquitoes
  A water moccasin (D:6)
  An ice beast (D:5)
  7 orc warriors
  2 black bears
  2 necrophages
  2 centaurs
  7 ogres
  A phantom (D:5)
  2 lemures (D:7)
  4 bullfrogs
  2 kobold brigands (D:9)
  A scorpion (D:5)
  15 killer bees
  8 howler monkeys
  4 centaur zombies
  2 hounds (D:7)
  8 orc priests
  Terence (D:2)
  4 iguanas
  10 orc wizards
  Robin (D:2)
  4 adders
  A shadow imp (D:5)
  An adder skeleton (D:4)
  A worm (D:2)
  4 dart slugs
  20 orcs
  3 bats (D:3)
  7 endoplasms
  A giant cockroach (D:3)
  12 goblins
  9 hobgoblins
  9 jackals
  2 quokkas (D:2)
  5 ball pythons
  13 kobolds
  5 rats
229 creatures vanquished.

Vanquished Creatures (others)
  11 plants (D:11)
11 creatures vanquished.

Grand Total: 240 creatures vanquished

Notes
Turn   | Place    | Note
-------+----------+-------------------------------------------
     0 | D:1      | browni3141 the Minotaur Berserker began the quest for the
                  | Orb.
     0 | D:1      | Reached XP level 1. HP: 19/19 MP: 0/0
    21 | D:1      | You fall into a shaft and drop 1 floor!
    39 | D:2      | Noticed Terence
    46 | D:2      | Killed Terence
    47 | D:2      | Reached XP level 2. HP: 27/27 MP: 1/1
    98 | D:2      | Reached XP level 3. HP: 33/33 MP: 2/2
   403 | D:2      | Noticed Robin
   416 | D:2      | Killed Robin
   417 | D:2      | Reached XP level 4. HP: 40/41 MP: 3/3
  1109 | D:2      | Reached ** piety under Trog
  1762 | D:3      | Reached XP level 5. HP: 47/47 MP: 4/4
  2431 | D:4      | Noticed an ogre
  2436 | D:4      | Killed an ogre
  2437 | D:4      | Reached skill level 5 in Fighting
  2437 | D:4      | Reached skill level 5 in Axes
  2437 | D:4      | Reached XP level 6. HP: 56/56 MP: 5/5
  3077 | D:4      | Found Byibazu's General Store.
  3727 | D:4      | Bought a scroll of teleportation for 30 gold pieces
  3727 | D:4      | Bought a scroll of identify for 20 gold pieces
  3755 | D:5      | Entered Level 5 of the Dungeon
  3811 | D:5      | Reached XP level 7. HP: 62/62 MP: 6/6
  3821 | D:5      | Reached skill level 5 in Armour
  3932 | D:5      | Found a staircase to the Ecumenical Temple.
  3965 | D:5      | Reached skill level 5 in Dodging
  4628 | D:6      | Reached skill level 1 in Shields
  4628 | D:6      | Reached skill level 1 in Evocations
  4628 | D:6      | Reached XP level 8. HP: 66/71 MP: 7/7
  4715 | D:6      | Noticed a two-headed ogre
  4716 | D:6      | Found a transporter.
  4716 | D:6      | Noticed GrayStillPlays's ghost (novice GnFi)
  5712 | D:6      | Found a transporter.
  5750 | D:7      | Reached *** piety under Trog
  5780 | D:7      | Noticed Pikel
  5789 | D:7      | Killed Pikel
  5939 | D:7      | Reached XP level 9. HP: 79/79 MP: 8/8
  6408 | D:8      | Reached skill level 5 in Shields
  6453 | D:8      | Noticed a two-headed ogre
  6457 | D:8      | Killed a two-headed ogre
  6822 | D:8      | Reached skill level 5 in Evocations
  6826 | D:8      | Reached XP level 10. HP: 7/88 MP: 9/9
  8124 | D:9      | Noticed a two-headed ogre
  8128 | D:9      | Killed a two-headed ogre
  8236 | D:9      | Reached **** piety under Trog
  8245 | D:9      | Noticed a two-headed ogre
  8248 | D:9      | Found Giefuc's General Store.
  8255 | D:9      | Killed a two-headed ogre
  8256 | D:9      | Reached XP level 11. HP: 25/97 MP: 10/10
  8646 | D:9      | Found a burning altar of Makhleb.
  8953 | D:10     | Entered Level 10 of the Dungeon
  8958 | D:10     | Reached skill level 10 in Axes
  9093 | D:10     | Reached skill level 10 in Fighting
  9096 | D:10     | Found a staircase to the Orcish Mines.
  9466 | D:10     | Noticed a death knight
  9466 | D:10     | Noticed a skeletal warrior
  9535 | Orc:1    | Entered Level 1 of the Orcish Mines
  9582 | Orc:1    | Reached skill level 10 in Armour
  9788 | Orc:1    | Noticed a two-headed ogre
  9797 | Orc:1    | Killed a two-headed ogre
 10144 | D:10     | Found a portal to a secret trove of treasure.
 10748 | D:11     | Found a large runed translucent door.
 10748 | D:11     | Found a large runed translucent door.
 10752 | D:11     | Noticed a cyan ugly thing
 10761 | D:11     | Noticed a two-headed ogre
 10766 | D:11     | Killed a two-headed ogre
 10838 | D:11     | Noticed a centaur warrior
 10847 | D:11     | Killed a centaur warrior
 11024 | D:11     | Noticed Josephine
 11030 | D:11     | Killed Josephine
 11044 | D:11     | Reached skill level 10 in Dodging
 11332 | D:11     | Reached XP level 12. HP: 81/110 MP: 11/11
 11530 | D:11     | Noticed a tengu warrior
 11541 | D:11     | HP: 5/165 [poisoned by a green ugly thing]
 11542 | D:11     | Succumbed to a green ugly thing's poison

Illustrated notes

Levels and vault maps discovered:
D:1:      ncdulo_watergridlock, layout_basic,
          hellmonk_ecumenical_altar_crossroads, minmay_fountain_box
D:2:      layout_loops_corners, uniq_terence, uniq_robin
D:3:      layout_basic
D:4:      layout_loops_ring, serial_shops, nicolae_square_shop
D:5:      layout_loops_ring, minmay_temple_entry_sparse_star
D:6:      layout_basic, serial_co_window_serial, co_window_of_opportunity_a,
          co_window_paths_a, co_window_paths_a, co_window_cross_1,
          co_window_corner_a, co_window_broadway_c, co_window_cross_3,
          co_window_corner_cb, co_window_paths_c, co_window_paths_e,
          glass_columns_a, glass_columns_a, glass_columns_a,
          gammafunk_ghost_smash, lemuel_flamethrower_1
D:7:      layout_gridville, kennysheep_generic_room_14, uniq_pikel
D:8:      layout_loops_corners
D:9:      layout_basic, mainiacjoe_overflow_concentric_impassable,
          kennysheep_small_circle
D:10:     layout_gridville, orc_0_dummy, nicolae_trove_entry_crystal,
          grunt_ministairs_14
D:11:     layout_basic, dpeg_oklobed_lair, minmay_hollow_rounded_squares,
          uniq_psyche, uniq_josephine
Orc:1:    layout_caves

Skill      XL: |  1  2  3  4  5  6  7  8  9 10 11 |
---------------+----------------------------------+-----
Fighting       | 4 5 6 7 8 9 11 | 11.3
Axes           | 4 5 6 7 8 9 11 | 11.4
Armour         | 3 4 5 6 7 9 11 | 11.0
Dodging        | 3 4 5 6 8 10 | 10.1
Shields        | 1 4 6 |  6.0
Evocations     | 1 3 5 6 |  6.0

Action                   |  1- 3 |  4- 6 |  7- 9 | 10-12 || total
-------------------------+-------+-------+-------+-------++-------
Melee: Hand axe          |    31 |   126 |   166 |   322 ||   645
       Headbutt          |     4 |    23 |    36 |    66 ||   129
       Punch             |       |     1 |       |       ||     1
Invok: Berserk           |     2 |     4 |     8 |    15 ||    29
Evoke: Wand              |       |       |     4 |    14 ||    18
  Use: Scroll            |       |       |     8 |     5 ||    13
 Stab: Distracted        |       |       |       |     1 ||     1
Armor: Animal skin       |     6 |    13 |       |       ||    19
       Chain mail        |       |       |    59 |     4 ||    63
       Plate armour      |       |       |       |    86 ||    86
Dodge: Dodged            |    17 |    63 |    88 |   145 ||   313
Block: Other             |       |     1 |     6 |       ||     7
       Buckler           |       |       |    64 |   125 ||   189
       Reflection        |       |       |     1 |     3 ||     4
